 Dungeon Crawl Stone Soup version 0.21.1-1-g345015f (webtiles) character file.

88 inc the Conjurer (level 4, 0/27 HPs)
             Began as an Octopode Conjurer on June 11, 2018.
             Killed from afar by an orc wizard (6 damage)
             ... with a magic dart
             ... on level 3 of the Dungeon.
             The game lasted 00:02:11 (1929 turns).

inc the Conjurer (Octopode Conjurer)                Turns: 1929, Time: 00:02:11

Health: 0/27       AC:  1    Str:  7    XL:     4   Next: 54%
Magic:  1/8        EV: 13    Int: 18    God:
Gold:   193        SH:  0    Dex: 12    Spells: 3/9 levels left

rFire    . . .     SeeInvis .   h - +0 short sword
rCold    . . .     Gourm    .   (no shield)
rNeg     . . .     Faith    .   (helmet restricted)
rPois    .         Spirit   .   (no amulet)
rElec    .         Reflect  .   (no ring)
rCorr    .         Harm     .   (no ring)
MR       .....                  (no ring)
Stlth    +++.......             (no ring)
HPRegen  0.09/turn              (no ring)
MPRegen  0.11/turn              (no ring)
                                (no ring)
                                (no ring)

@: slowed, very slow
A: almost no armour, stealthy swim, amphibious, 8 rings, constrict 8, camouflage
1, gelatinous body 1
a: no special abilities


You were on level 3 of the Dungeon.
You were hungry.

You visited 1 branch of the dungeon, and saw 3 of its levels.

You collected 193 gold pieces.

Inventory:

Hand Weapons
 h - a +0 short sword (weapon)
Scrolls
 c - a scroll of amnesia {unknown}
 d - 3 scrolls of remove curse {unknown}
 e - a scroll of blinking {unknown}
 g - 4 scrolls of teleportation {unknown}
 j - a scroll of fog {unknown}
 k - a scroll of fear {unknown}
 l - a scroll of immolation {unknown}
 n - a scroll of identify {unknown}
 o - a scroll of enchant weapon {unknown}
 p - a scroll of magic mapping {unknown}
Potions
 f - 3 potions of might {unknown}
 i - 2 potions of cancellation {unknown}
 m - a potion of haste {unknown}
Books
 a - a book of Conjurations

   Spells                             Type                      Level
   a - Magic Dart                     Conjuration                  1
   b - Searing Ray                    Conjuration                  2
   c - Dazzling Spray                 Conjuration/Hexes            3
   d - Fulminant Prism                Conjuration/Hexes            4
   e - Force Lance                    Conjuration/Translocation    4
   f - Iskenderun's Mystic Blast      Conjuration                  4
Comestibles
 b - 3 rations


   Skills:
 - Level 2.0 Dodging
 - Level 2.6 Stealth
 + Level 3.0 Spellcasting
 - Level 5.2 Conjurations


You had 3 spell levels left.
You knew the following spells:

 Your Spells              Type           Power        Failure   Level  Hunger
a - Magic Dart            Conj           ###.         1%          1    None
b - Searing Ray           Conj           ###...       2%          2    ##.....
c - Dazzling Spray        Conj/Hex       ##....       17%         3    ###....


Dungeon Overview and Level Annotations

Branches:
Dungeon (3/15)

Altars:


Innate Abilities, Weirdness & Mutations

You cannot wear most types of armour.
You are very stealthy in the water. (Stealth+)
You are amphibious.
You can wear up to eight rings at the same time.
You can use your tentacles to constrict eight enemies at once.
Your skin changes colour to match your surroundings (Stealth+).
Your rubbery body absorbs attacks. (AC +1, EV +1)


Message History

You constrict the orc.
You kill the orc!
The orc wizard points at you and mumbles some strange words.
The magic dart hits you!
The orc wizard gestures at you while chanting.
The magic dart hits you!
The orc wizard gestures at you while chanting.
The magic dart hits you!
* * * LOW HITPOINT WARNING * * *
The orc wizard hits you with a dagger.
* * * LOW HITPOINT WARNING * * *
The orc wizard closely misses you.
You see here a hand axe.
You barely miss the orc wizard. Your grab misses the orc wizard.
You squeeze the orc wizard, but do no damage.
The orc wizard is severely wounded.
The orc wizard closely misses you. The orc wizard casts a spell at you.
The magic dart hits you!
You die...

##.#...†.......
o
##.###.###^#####
.. #####.##
##.##.# ...
#....## ##...#
... #.###.##
#..#### †. #.#
##.##.#
#.###.#####..# #
#....).....## .#
#..####@####.##
.# ##. #o#
##.#.# #. #.#
#..# #. #.# #.##
.. ..# #(# #.
### #.# #. #.#
#.# #.#


You could see an orc wizard.

Vanquished Creatures
  2 adders
  An ooze (D:2)
  4 worms
  3 dart slugs
  2 leopard geckos (D:2)
  2 orcs (D:3)
  5 giant cockroaches (D:2)
  3 goblins
  4 hobgoblins
  5 jackals
  2 kobolds
  A quokka (D:3)
  A ball python (D:1)
  4 bats
  3 frilled lizards
  3 rats
45 creatures vanquished.

Notes
Turn   | Place    | Note
-------+----------+-------------------------------------------
     0 | D:1      | inc the Octopode Conjurer began the quest for the Orb.
     0 | D:1      | Reached XP level 1. HP: 11/11 MP: 3/3
   454 | D:1      | Reached XP level 2. HP: 17/17 MP: 5/5
  1109 | D:2      | Reached XP level 3. HP: 21/21 MP: 6/6
  1124 | D:2      | Reached skill level 5 in Conjurations
  1189 | D:2      | Learned a level 2 spell: Searing Ray
  1193 | D:2      | Learned a level 3 spell: Dazzling Spray
  1376 | D:2      | Reached XP level 4. HP: 26/27 MP: 1/7
  1929 | D:3      | Killed from afar by an orc wizard

Skill      XL: |  1  2  3  4 |
---------------+-------------+-----
Conjurations   | 5 |  5.2
Spellcasting   | 3 |  3.0
Dodging        | |  2.0
Stealth        | |  2.6

Action                   |  1- 3 |  4- 6 || total
-------------------------+-------+-------++-------
Melee: Unarmed           |     7 |       ||     7
       Short sword       |    39 |    17 ||    56
       Constrict         |    14 |     5 ||    19
       Tentacles         |     9 |     3 ||    12
 Cast: Magic Dart        |    25 |    21 ||    46
       Searing Ray       |       |     1 ||     1
 Stab: Sleeping          |     9 |     4 ||    13
  Eat: Chunk             |     2 |     1 ||     3
Armor: Skin              |     2 |     1 ||     3
Dodge: Dodged            |    26 |    13 ||    39
